 Dungeon Crawl Stone Soup version 0.30-a0-377-g5cb311bc9f (webtiles) character file.

Game seed: 4854318895432501100

5479 mopl the Martial Artist (level 11, -1/76 HPs)
             Began as a Djinni Transmuter on Nov 25, 2022.
             Was a High Priest of Okawaru.
             Slain by a sky beast (6 damage)
             ... on level 8 of the Dungeon on Nov 28, 2022.
             The game lasted 00:12:15 (6934 turns).

mopl the Martial Artist (Djinni Transmuter)         Turns: 6934, Time: 00:12:15

Health: -1/76      AC:  2    Str: 19      XL:     11   Next: 0%
Gold:   447        EV: 19    Int: 14      God:    Okawaru [*****.] SH:  5 Dex: 19 (20)

rFire   . . .      SeeInvis .      - Unarmed
rCold   . . .      Faith    .    (shield currently unavailable)
rNeg    . . .      Spirit   .    (body armour currently unavailable)
rPois   ∞          Reflect  +    (helmet currently unavailable)
rElec   .          Harm     .    (cloak currently unavailable)
rCorr   .          Rampage  .    (gloves currently unavailable)
Will    ++...                    (boots unavailable)
Stlth   ++........               h - amulet of reflection
HPRegen 0.32/turn                t - ring of willpower
MPRegen 0.00/turn                A - +6 ring of strength

@: spider-form (expiring), wereblooded, flying
A: venomous fangs, flying, sickness immunity, tiny, (fire resistance 2), (cold
vulnerability 1), float, innate caster, HP casting, extra vitality 1
a: End Transformation, Renounce Religion, Heroism, Finesse, Duel


You were on level 8 of the Dungeon.
You worshipped Okawaru.
Okawaru was extremely pleased with you.
You were a venomous arachnid creature.
You visited 2 branches of the dungeon, and saw 9 of its levels.

You collected 447 gold pieces.

Inventory:

Missiles
 e - 11 boomerangs
 m - 38 poisoned darts
 v - 3 atropa-tipped darts
 E - a curare-tipped dart
Armour
 p - a +0 pair of gloves (melded)
 q - a +0 helmet (melded)
 s - an orb of mayhem
 D - +0 steam dragon scales
 K - a +2 robe of willpower (melded)
Jewellery
 h - an amulet of reflection (around neck)
 t - a ring of willpower (left front leg)
 A - a +6 ring of strength (right front leg)
 J - a +6 ring of dexterity
Wands
 b - a wand of mindburst (4)
 F - a wand of iceblast (12)
 H - a wand of flame (10)
 I - a wand of acid (7)
Scrolls
 a - a scroll of identify
 d - a scroll of blinking {unknown}
 g - 5 scrolls of teleportation
 i - 4 scrolls of fear {unknown}
 j - a scroll of silence {unknown}
 l - 2 scrolls of enchant armour {unknown}
 n - a scroll of fog {unknown}
 o - 3 scrolls of immolation {unknown}
 u - 4 scrolls of noise {unknown}
 x - 2 scrolls of summoning {unknown}
 y - a scroll of enchant weapon {unknown}
 B - a scroll of vulnerability {unknown}
 C - 3 scrolls of magic mapping {unknown}
Potions
 c - 3 potions of mutation {!q}
 f - 5 potions of brilliance
 r - 2 potions of invisibility
 w - 3 potions of heal wounds
 z - a potion of haste
 G - 2 potions of curing


   Skills:
 + Level 5.3 Fighting
 + Level 4.2 Throwing
 - Level 2.1 Dodging
 * Level 9.8 Unarmed Combat
 + Level 5.2 Spellcasting
 + Level 5.2 Invocations
 + Level 5.2 Evocations


You couldn't memorise any spells.
You knew the following spells:

 Your Spells              Type           Power      Damage    Failure   Level
a - Beastly Appendage     Tmut           36%        N/A       8%          1
b - Spider Form           Tmut/Pois      18%        N/A       17%         3
c - Shock                 Conj/Air       72%        1d7       8%          1
d - Ice Form              Ice/Tmut       18%        N/A       41%         4
e - Momentum Strike       Conj/Tloc      36%        3d9       11%         2
f - Dazzling Flash        Conj/Hex       36%        N/A       17%         3
g - Animate Dead          Necr           18%        N/A       41%         4
h - Yara's Violent Unrav  Hex/Tmut       9%         3d6       71%         5
w - Wereblood             Tmut           18%        N/A       11%         2
Your spell library was empty.

Dungeon Overview and Level Annotations

Branches:
Dungeon (8/15)             Temple (1/1) D:4
   Lair: D:8-11

Altars:
Ashenzari
Cheibriados
Dithmenos
Elyvilon
Hepliaklqana
Makhleb
Okawaru
Qazlal
Trog
Uskayaw
Wu Jian
Yredelemnul
Zin
The Shining One

Shops:
D:2 :   D:3 [


Innate Abilities, Weirdness & Mutations

You are a venomous arachnid creature.
You have poisonous fangs.
You are tiny and dextrous.
You are flying.
Your spellcasting is less reliable in this form.
Your armour is entirely melded.
You are incapable of wielding weapons or throwing items.
You are immune to sickness and miasma.
You are immune to poison.
((Your flesh is very heat resistant. (rF++)))
((You are vulnerable to cold. (rC-)))
You float through the air rather than walking.
You learn spells naturally, not from books.
Your magical power is your life essence.
You have superior vitality. (+4 MHP)


Message History

You block the wolf's attack.
You bite the wolf!
The wolf looks as sick as possible!
The wolf is severely wounded.
You hiss as the wereblood boils in your veins!
You hear a howl!
The wolf misses you.
You barely miss the wolf.
The wolf is severely wounded.
Your transformation is almost over.
The wolf completely misses you.
You barely miss the wolf.
The wolf is severely wounded.
You hiss as the wereblood boils in your veins!
The wolf bites you.
* * * LOW HITPOINT WARNING * * *
The wolf misses you.
You hit the wolf but do no damage.
The wolf looks as sick as possible!
The wolf is almost dead.
The wolf barely misses you.
The sky beast flickers out of sight!
Deactivating autopickup; reactivate with Ctrl-A.
The wolf closely misses you.
You bite the wolf!
You feel a bit better.
You kill the wolf!
Okawaru accepts your kill.
You feel your intelligence returning.
You have reached level 11!
The power to cast Yara's Violent Unravelling wells up from within.
Spell assigned to 'h'.
You barely miss something. Something hits you.
* * * LOW HITPOINT WARNING * * *
Something shocks you.
* * * LOW HITPOINT WARNING * * *
You hit something. Something hits you.
* * * LOW HITPOINT WARNING * * *
Something shocks you.
* * * LOW HITPOINT WARNING * * *
You closely miss something. Something hits you.
* * * LOW HITPOINT WARNING * * *
Something shocks you.
You die...

#≈..[ $.= ..§≈####..#.###..
#≈... .{. ..§§##...##..##.#
#≈...##.##...≈##.#####.##.#
#§≈......h.g≈≈##.# #....#
#§≈≈.......≈≈≈##.# #..###
#§§≈≈..§§h≈≈≈≈#..#####.##
#≈§≈≈§≈§≈≈≈≈§≈#.........#
######§#######.#######.#
#hh{s[..).# #.###
########### #.... #####


You could see 2 wolves.

Vanquished Creatures
  Pikel (D:7)
  Maggie (D:8)
  Psyche (D:8)
  A hornet (D:7)
  Prince Ribbit (D:7)
  Grinder (D:6)
  Sigmund (D:6)
  Eustachio (D:3)
  A wyvern (D:7)
  Grum (D:8)
  A steam dragon (D:6)
  Duvessa (D:6)
  A water moccasin (D:8)
  An orc warrior (D:7)
  2 ice beasts
  2 black bears
  2 sky beasts (D:7)
  2 wolves (D:8)
  A centaur (D:6)
  A phantom (D:5)
  3 kobold brigands
  A gnoll sergeant (D:6)
  3 scorpions
  2 bullfrogs (D:7)
  A necrophage (D:5)
  14 wights
  Dowan (D:6)
  A howler monkey (D:4)
  2 hounds
  4 jellies
  An orc priest (D:6)
  3 iguanas (D:5)
  4 orc wizards
  9 adders
  5 gnolls (D:6)
  A shadow imp (D:7)
  3 white imps
  An ufetubus (D:4)
  A worm (D:2)
  4 dart slugs
  6 orcs
  4 bats
  10 endoplasms
  7 giant cockroaches
  7 goblins
  2 hobgoblins
  3 jackals (D:2)
  7 quokkas
  9 ball pythons
  5 frilled lizards
  18 kobolds
  2 rats
168 creatures vanquished.

Notes
Turn   | Place    | Note
-------+----------+-------------------------------------------
     0 | D:1      | mopl the Djinni Transmuter began the quest for the Orb.
     0 | D:1      | mopl set off with the following spells memorised: Beastly
                  | Appendage, Wereblood, Spider Form, Ice Form.
     0 | D:1      | Reached XP level 1. HP: 17/17 MP: 0/0
   314 | D:1      | Reached XP level 2. HP: 16/22 MP: 0/0
   538 | D:1      | Reached XP level 3. HP: 17/27 MP: 0/0
   538 | D:1      | Learned a level 1 spell: Shock
   648 | D:1      | Reached skill level 2 in Spellcasting
   895 | D:2      | Reached skill level 4 in Unarmed Combat
   956 | D:2      | Reached XP level 4. HP: 23/32 MP: 0/0
  1021 | D:2      | Found Veogue's Book Shoppe.
  1640 | D:2      | Reached XP level 5. HP: 35/37 MP: 0/0
  1640 | D:2      | Learned a level 2 spell: Momentum Strike
  1699 | D:3      | Found a faded altar of an unknown god.
  1712 | D:3      | Found Roihiocem's Armour Shop.
  2074 | D:4      | Noticed Eustachio
  2080 | D:4      | Found a staircase to the Ecumenical Temple.
  2153 | D:3      | Killed Eustachio
  2154 | D:3      | Reached skill level 5 in Unarmed Combat
  2154 | D:3      | Reached skill level 3 in Spellcasting
  2154 | D:3      | Reached XP level 6. HP: 6/42 MP: 0/0
  2316 | Temple   | Entered the Ecumenical Temple
  2345 | Temple   | Became a worshipper of Warmaster Okawaru
  2389 | D:4      | Reached skill level 6 in Unarmed Combat
  2573 | D:4      | Noticed a black bear
  2580 | D:4      | Killed a black bear
  2580 | D:4      | Reached * piety under Okawaru
  2581 | D:4      | Reached XP level 7. HP: 36/47 MP: 0/0
  2581 | D:4      | Learned a level 3 spell: Dazzling Flash
  2675 | D:4      | Reached skill level 1 in Evocations
  2826 | D:4      | Upgraded the game from 0.30-a0-374-g95c0257040 to
                  | 0.30-a0-377-g5cb311bc9f
  3028 | D:5      | Entered Level 5 of the Dungeon
  3039 | D:4      | Reached skill level 1 in Invocations
  3051 | D:5      | Reached skill level 1 in Throwing
  3134 | D:5      | Reached skill level 2 in Fighting
  3134 | D:5      | Reached XP level 8. HP: 13/54 MP: 0/0
  3385 | D:5      | Reached skill level 2 in Evocations
  3621 | D:5      | Reached skill level 2 in Invocations
  3928 | D:5      | Reached skill level 7 in Unarmed Combat
  3984 | D:6      | Reached ** piety under Okawaru
  4249 | D:6      | Reached skill level 2 in Throwing
  4265 | D:6      | Reached skill level 3 in Fighting
  4270 | D:6      | Reached XP level 9. HP: 36/60 MP: 0/0
  4270 | D:6      | Learned a level 4 spell: Animate Dead
  4392 | D:6      | Reached skill level 4 in Spellcasting
  4392 | D:6      | Reached skill level 3 in Evocations
  4422 | D:6      | Noticed Sigmund
  4446 | D:5      | Reached skill level 3 in Invocations
  4738 | D:6      | Killed Sigmund
  4739 | D:6      | Reached skill level 8 in Unarmed Combat
  4875 | D:6      | Noticed Grinder
  4881 | D:6      | Reached *** piety under Okawaru
  4913 | D:6      | Killed Grinder
  4914 | D:6      | Reached skill level 3 in Throwing
  4961 | D:6      | Noticed Duvessa
  4961 | D:6      | Noticed Dowan
  4969 | D:6      | Killed Duvessa
  4970 | D:6      | Reached skill level 4 in Fighting
  4974 | D:6      | Killed Dowan
  5358 | D:7      | Reached skill level 4 in Evocations
  5413 | D:7      | Noticed Pikel
  5434 | D:7      | Killed Pikel
  5435 | D:7      | Reached skill level 4 in Invocations
  5435 | D:7      | Reached XP level 10. HP: 56/69 MP: 0/0
  5467 | D:7      | Reached **** piety under Okawaru
  5481 | D:7      | Reached skill level 9 in Unarmed Combat
  5595 | D:7      | Noticed Prince Ribbit
  5605 | D:7      | Killed Prince Ribbit
  6307 | D:8      | Reached ***** piety under Okawaru
  6315 | D:8      | Reached skill level 5 in Fighting
  6333 | D:8      | Noticed Maggie
  6352 | D:7      | Reached skill level 4 in Throwing
  6535 | D:8      | Noticed Psyche
  6538 | D:8      | Reached skill level 5 in Spellcasting
  6550 | D:8      | Killed Psyche
  6573 | D:8      | Killed Maggie
  6574 | D:8      | Reached skill level 5 in Invocations
  6574 | D:8      | Reached skill level 5 in Evocations
  6906 | D:8      | Noticed Grum
  6926 | D:8      | Killed Grum
  6932 | D:8      | Reached XP level 11. HP: 23/76 MP: 0/0
  6932 | D:8      | Learned a level 5 spell: Yara's Violent Unravelling
  6934 | D:8      | Slain by a sky beast

Illustrated notes

Levels and vault maps discovered:
D:1:      onia_arrival_pentagram, layout_loops_ring
D:2:      layout_basic, serial_shops, shop, minmay_divided_ellipse
D:3:      layout_basic, basic_ecumenical_altar, serial_shops, shop_fountains,
          chequers_serial_rivers_micro_b, hangedman_feature_mirror
D:4:      layout_loops_cross, minmay_temple_entry_statues_pillars,
          kennysheep_small_circle, uniq_eustachio
D:5:      layout_basic
D:6:      layout_loops_ring, nicolae_fountain_basement, uniq_sigmund,
          uniq_duvessa, uniq_grinder
D:7:      layout_basic, grunt_ministairs_13, uniq_pikel, uniq_prince_ribbit1
D:8:      layout_rooms, mainiacjoe_overflow_alcove_4,
          hangedman_abyss_or_decor_clamps, kennysheep_generic_room_2, uniq_grum,
          uniq_maggie, uniq_psyche
Temple:   compressed_dpeg_triangle_lava_temple

Skill      XL: |  1  2  3  4  5  6  7  8  9 10 |
---------------+-------------------------------+-----
Spellcasting   | 2 3 4 5 |  5.2
Unarmed Combat | 4 5 6 7 8 9 |  9.8
Evocations     | 1 2 4 5 |  5.2
Invocations    | 1 2 4 5 |  5.2
Throwing       | 1 2 3 4 |  4.2
Fighting       | 2 3 4 5 |  5.3
Dodging        | |  2.1

Action                   |  1- 3 |  4- 6 |  7- 9 | 10-12 || total
-------------------------+-------+-------+-------+-------++-------
Melee: Unarmed           |   113 |   157 |   212 |   123 ||   605
       Headbutt          |    12 |    12 |     5 |       ||    29
       Punch             |     3 |     3 |     4 |     1 ||    11
 Cast: Beastly Appendage |    20 |    13 |     5 |       ||    38
       Spider Form       |       |     3 |    14 |     6 ||    23
       Ice Form          |       |       |     3 |     6 ||     9
       Shock             |       |       |       |     1 ||     1
       Wereblood         |       |       |       |     1 ||     1
Invok: Heroism           |       |       |     1 |       ||     1
 Abil: End Transformatio |       |       |       |     1 ||     1
Evoke: Wand              |       |       |       |     3 ||     3
  Use: Scroll            |       |     6 |     2 |     2 ||    10
       Potion            |       |     1 |       |     1 ||     2
 Stab: Sleeping          |     2 |     1 |     1 |       ||     4
Armor: Robe              |    21 |    25 |     6 |     2 ||    54
       Skin              |       |     3 |     6 |    15 ||    24
       Steam dragon scal |       |       |    18 |     2 ||    20
Dodge: Dodged            |    58 |   110 |   102 |    54 ||   324
Block: Other             |     9 |    39 |    45 |    22 ||   115
       Reflection        |       |       |     4 |     2 ||     6

Table legend: (Time is in decaauts)
 A = Elapsed time spent in this place.
 B = Non-inter-level travel time spent in this place.
 C = Inter-level travel time spent in this place.
 D = Time resting spent in this place.
 E = Time spent auto-exploring this place.
 F = Levels seen in this place.
 G = Mean time per level.
                   A        B        C        D        E       F      G
               +--------+--------+--------+--------+--------+-----+--------+
         Total |   6868 |   6493 |    375 |   1195 |   3828 |   9 |  763.1 |
       Dungeon |   6828 |   6463 |    365 |   1195 |   3828 |   8 |  853.5 |
        Temple |     39 |     29 |     10 |      0 |      0 |   1 |   39.0 |
               +--------+--------+--------+--------+--------+-----+--------+

Top non-repeatable levels by time:
     D:5: 1392 daAuts
     D:7: 1060 daAuts
     D:6: 895 daAuts
     D:2: 838 daAuts
     D:1: 808 daAuts
     D:4: 727 daAuts
     D:3: 604 daAuts
     D:8: 503 daAuts
  Temple: 39 daAuts
